 Dungeon Crawl Stone Soup version 0.23-a0-389-g4a5eb33 (webtiles) character file.

2289 Garbasso the Thaumaturge (level 9, -6/65 HPs)
             Began as a Gnoll Wizard on Oct 29, 2018.
             Was an Initiate of Ashenzari.
             Mangled by a hornet (8 damage)
             ... on level 8 of the Dungeon.
             The game lasted 00:28:34 (9449 turns).

Garbasso the Thaumaturge (Gnoll Wizard)             Turns: 9449, Time: 00:28:34

Health: -6/65      AC:  6    Str:  9    XL:     9   Next: 39%
Magic:  3/21       EV: 15    Int: 24    God:    Ashenzari [......]
Gold:   319        SH:  0    Dex: 14    Spells: 13/24 levels left

rFire    . . .     SeeInvis .   r - +0 long sword
rCold    + + .     Gourm    .   (no shield)
rNeg     + . .     Faith    .   F - +1 robe {rN+}
rPois    .         Spirit   .   x - +2 helmet "Mihez" {rC++}
rElec    .         Reflect  .   (no cloak)
rCorr    .         Harm     .   (no gloves)
MR       .....                  (no boots)
Stlth    +++.......             h - amulet of rage
HPRegen  0.20/turn              (no ring)
MPRegen  0.17/turn              (no ring)

@: lethally poisoned (-6 -> -11), slowed, very slow
A: distributed training, fangs 1, strong nose
a: Curse Item, Renounce Religion, Evoke Berserk Rage


You were on level 8 of the Dungeon.
You worshipped Ashenzari.
Ashenzari was noncommittal.
You were not hungry.

You visited 2 branches of the dungeon, and saw 9 of its levels.
You also visited: Ossuary.

You collected 319 gold pieces.

Inventory:

Hand Weapons
 r - a +0 long sword (weapon)
 E - a +0 rapier of venom
Armour
 k - a +0 shield
 x - the +2 helmet "Mihez" (worn) {rC++}
   (You found it on level 4 of the Dungeon)

   It greatly protects you from cold.
 F - a +1 robe of positive energy (worn)
Jewellery
 h - an amulet of rage (around neck)
Wands
 w - a wand of disintegration (9)
Scrolls
 a - a scroll of identify
 f - 2 scrolls of enchant armour
 g - a scroll of holy word {unknown}
 l - 10 scrolls of teleportation
 m - a scroll of amnesia {unknown}
 o - 2 scrolls of blinking {unknown}
 p - a scroll of fog {unknown}
 t - 3 scrolls of enchant weapon {unknown}
 y - a scroll of fear {unknown}
 C - 2 scrolls of immolation {unknown}
Potions
 b - a potion of haste {unknown}
 c - 3 potions of curing
 e - a potion of ambrosia
 j - 2 potions of might
 n - a potion of heal wounds
 s - 3 potions of lignification
 u - 3 potions of magic
 v - 2 potions of degeneration
 z - a potion of agility {unknown}
 A - a potion of invisibility {unknown}
 B - a potion of flight {unknown}
Comestibles
 d - 10 rations


   Skills:
 + Level 4.1 Fighting
 + Level 4.1 Short Blades
 + Level 4.1 Long Blades
 + Level 4.1 Axes
 + Level 4.1 Maces & Flails
 + Level 4.1 Polearms
 + Level 4.1 Staves
 + Level 4.1 Slings
 + Level 4.1 Bows
 + Level 4.1 Crossbows
 + Level 4.1 Throwing
 + Level 4.1 Armour
 + Level 6.2 Dodging
 + Level 5.9 Stealth
 + Level 4.1 Shields
 + Level 4.1 Unarmed Combat
 + Level 8.3 Spellcasting
 + Level 4.1 Conjurations
 + Level 3.4 Hexes
 + Level 3.4 Charms
 + Level 4.1 Summonings
 + Level 3.4 Necromancy
 + Level 4.1 Translocations
 + Level 3.4 Transmutations
 + Level 3.4 Fire Magic
 + Level 3.4 Ice Magic
 + Level 3.4 Air Magic
 + Level 3.4 Earth Magic
 + Level 3.4 Poison Magic
 + Level 4.5 Invocations
 + Level 4.1 Evocations


You had 13 spell levels left.
You knew the following spells:

 Your Spells              Type           Power        Failure   Level  Hunger
a - Magic Dart            Conj           ####         1%          1    None
b - Call Imp              Summ           ####....     1%          2    None
c - Conjure Flame         Conj/Fire      ####....     4%          3    None
d - Mephitic Cloud        Conj/Pois/Air  ####....     4%          3    None
f - Blink                 Tloc           N/A          1%          2    None

Your spell library contained the following spells:

 Spells                   Type           Power        Failure   Level  Hunger
 Slow                     Hex            ####....     2%          2    None


Dungeon Overview and Level Annotations

Branches:
Dungeon (8/15)             Temple (1/1) D:5
   Lair: D:8-11

Altars:
Ashenzari
Cheibriados
Dithmenos
Elyvilon
Fedhas
Gozag
Hepliaklqana
Kikubaaqudgha
Makhleb
Okawaru
Ru
Sif Muna
Trog
Uskayaw
Vehumet
Wu Jian
Xom
Yredelemnul
Zin
The Shining One

Annotations:
D:7 3 runed doors, Garbasso's ghost, novice OpFE


Innate Abilities, Weirdness & Mutations

Your experience applies equally to all skills.
You have very sharp teeth.
Your uncanny sense of smell can sniff out nearby items.


Message History

You feel as though you will be slow longer.
You closely miss the hornet.
The hornet is heavily wounded.
The hornet stings you!
You are poisoned.
You feel as though you will be slow longer.
The hornet closely misses you.
You riposte.
You hit the hornet. Your bite misses the hornet.
The hornet is severely wounded.
The hornet stings you!
* * * LOW HITPOINT WARNING * * *
You suddenly lose the ability to move!
You can move again.
You barely miss the hornet.
The hornet is severely wounded.
You feel sick. The hornet stings you!
* * * LOW HITPOINT WARNING * * *
You feel as though you will be slow longer.
The hornet stings you!
You die...

...
#.##....#####
######
#.##....# # #.
#....# # #.
#....###### #
#.........# #
#.##.....(...#
#
#............#
.
####.....####
. #.#@....#
#..y....+
#.#.....#
#.#(##### #
#.# #.# #..
#(). #.†..


You could see a hornet.

Vanquished Creatures
  A spriggan (D:7)
  Duvessa (D:7)
  A sky beast (D:6)
  3 ogres
  A centaur (D:5)
  Blork the orc (D:5)
  2 bullfrogs
  A wyvern zombie (D:7)
  Dowan (D:7)
  2 howler monkeys
  3 wights (D:7)
  A bullfrog zombie (D:7)
  6 crimson imps
  A centaur zombie (D:7)
  2 bullfrog skeletons
  A gnoll shaman (D:6)
  A jelly (D:7)
  An iguana (D:5)
  2 human zombies (Ossuary)
  6 worker ants
  A big kobold zombie (Ossuary)
  3 hound zombies (Ossuary)
  3 mummies (Ossuary)
  A howler monkey zombie (D:5)
  6 gnolls
  4 adders
  A shadow imp (D:7)
  A white imp (D:7)
  4 adder zombies (Ossuary)
  An adder skeleton (D:5)
  2 worms
  A dart slug (D:3)
  5 leopard geckos
  5 orcs
  A ball python (D:5)
  5 bats (D:3)
  7 giant cockroaches
  4 gnoll zombies
  5 hobgoblins
  9 jackals
  11 kobolds
  5 quokkas
  8 frilled lizards
  8 goblins
  5 goblin zombies
  4 hobgoblin zombies (Ossuary)
  6 jackal zombies
  2 kobold zombies (Ossuary)
  A leopard gecko skeleton (D:6)
  A leopard gecko zombie (D:5)
  An orc zombie (Ossuary)
  A quokka skeleton (D:7)
  2 quokka zombies
  6 rats
  4 rat zombies (Ossuary)
172 creatures vanquished.

Vanquished Creatures (collateral kills)
  Menkaure (D:5)
  An elf zombie (Ossuary)
  A scorpion (D:4)
  A wight (D:7)
  A howler monkey (D:3)
  2 adders
  A worm (D:2)
  An orc zombie (Ossuary)
9 creatures vanquished.

Grand Total: 181 creatures vanquished

Notes
Turn   | Place    | Note
-------+----------+-------------------------------------------
     0 | D:1      | Garbasso the Gnoll Wizard began the quest for the Orb.
     0 | D:1      | Reached XP level 1. HP: 13/13 MP: 8/8
   170 | D:1      | Reached XP level 2. HP: 19/19 MP: 3/10
   174 | D:1      | Learned a level 2 spell: Blink
   177 | D:1      | Learned a level 2 spell: Call Imp
   935 | D:2      | Reached XP level 3. HP: 11/25 MP: 0/11
  1133 | D:2      | Learned a level 3 spell: Conjure Flame
  1137 | D:2      | Learned a level 3 spell: Mephitic Cloud
  1439 | D:2      | Reached skill level 1 in Invocations
  1772 | D:3      | Reached skill level 1 in Fighting
  1772 | D:3      | Reached skill level 1 in Short Blades
  1772 | D:3      | Reached skill level 1 in Long Blades
  1772 | D:3      | Reached skill level 1 in Axes
  1772 | D:3      | Reached skill level 1 in Maces & Flails
  1772 | D:3      | Reached skill level 1 in Polearms
  1772 | D:3      | Reached skill level 1 in Staves
  1772 | D:3      | Reached skill level 1 in Slings
  1772 | D:3      | Reached skill level 1 in Bows
  1772 | D:3      | Reached skill level 1 in Crossbows
  1772 | D:3      | Reached skill level 1 in Throwing
  1772 | D:3      | Reached skill level 1 in Armour
  1772 | D:3      | Reached skill level 1 in Shields
  1772 | D:3      | Reached skill level 1 in Unarmed Combat
  1772 | D:3      | Reached skill level 1 in Evocations
  1782 | D:3      | Reached XP level 4. HP: 32/32 MP: 0/13
  1836 | D:3      | Reached skill level 1 in Hexes
  1836 | D:3      | Reached skill level 1 in Charms
  1836 | D:3      | Reached skill level 1 in Necromancy
  1836 | D:3      | Reached skill level 1 in Transmutations
  1836 | D:3      | Reached skill level 1 in Fire Magic
  1836 | D:3      | Reached skill level 1 in Ice Magic
  1836 | D:3      | Reached skill level 1 in Air Magic
  1836 | D:3      | Reached skill level 1 in Earth Magic
  1836 | D:3      | Reached skill level 1 in Poison Magic
  2325 | D:3      | Reached XP level 5. HP: 26/37 MP: 9/14
  3054 | D:3      | Found a basalt altar of Yredelemnul.
  3136 | D:4      | Noticed an ogre
  3143 | D:4      | Killed an ogre
  3160 | D:4      | Reached XP level 6. HP: 28/44 MP: 0/16
  3405 | D:4      | Found a shadowy altar of Dithmenos.
  3443 | D:4      | Found a blossoming altar of Fedhas.
  3457 | D:4      | Found a glowing golden altar of the Shining One.
  3678 | D:4      | Found a glowing silver altar of Zin.
  3684 | D:4      | Reached skill level 5 in Dodging
  3747 | D:4      | Found a bloodstained altar of Trog.
  3756 | D:4      | Got a distressingly furry helmet
  3767 | D:4      | Identified the +2 helmet "Mihez" {rC++} (You found it on
                  | level 4 of the Dungeon)
  3850 | D:4      | Found a sand-covered staircase.
  3857 | Ossuary  | Entered an ossuary
  4115 | Ossuary  | Reached XP level 7. HP: 50/50 MP: 14/18
  4780 | D:5      | Entered Level 5 of the Dungeon
  4781 | D:5      | Noticed Menkaure
  4806 | D:5      | Killed Menkaure
  5207 | D:5      | Reached skill level 5 in Stealth
  5424 | D:5      | Found a staircase to the Ecumenical Temple.
  5434 | Temple   | Entered the Ecumenical Temple
  5900 | D:5      | Noticed Blork the orc
  5916 | D:5      | Killed Blork the orc
  5916 | D:5      | Reached XP level 8. HP: 57/57 MP: 2/19
  6915 | D:6      | Found a shimmering altar of Xom.
  6922 | D:6      | Reached skill level 8 in Spellcasting
  7724 | D:7      | Found a shattered altar of Ashenzari.
  7724 | D:7      | Found a deep blue altar of Sif Muna.
  7727 | D:7      | Found an iron altar of Okawaru.
  7733 | D:7      | Became a worshipper of Ashenzari the Shackled
  7786 | D:7      | Found a runed gate.
  7789 | D:7      | Found a runed gate.
  7789 | D:7      | Found a runed gate.
  7795 | D:7      | Noticed Garbasso's ghost (novice OpFE)
  7915 | D:7      | Noticed a spriggan baker
  7933 | D:7      | Killed a spriggan baker
  7933 | D:7      | Reached XP level 9. HP: 7/65 MP: 21/21
  8404 | D:7      | Noticed Duvessa
  8410 | D:7      | Noticed Dowan
  8489 | D:7      | Killed Duvessa
  8497 | D:7      | Killed Dowan
  9392 | D:8      | Noticed a hornet
  9448 | D:8      | Paralysed by a hornet for 1 turns
  9449 | D:8      | HP: 2/65 [hornet (14)]
  9449 | D:8      | Mangled by a hornet

Vault maps used:
D:1:      kennysheep_arrival_forest
D:3:      lemuel_zombie_altar_yredelemnul
D:4:      kennysheep_mini, lemuel_round_altar, grunt_temple_overflow_open,
          enter_ossuary_4, first_ration, palyth_stone_intersect
D:5:      lemuel_ice_spiral_2, minmay_temple_entry_glassed_door,
          grunt_ministairs_6, uniq_blork_the_orc, uniq_menkaure
D:6:      cheibrodos_iron_armory, xom_teletrap_fun
D:7:      gammafunk_temple_overflow_claw, gammafunk_ghost_nasty_kobolds,
          the_bakery, minmay_misc_feat_columns, minmay_fire_ice_demons,
          uniq_duvessa
D:8:      grunt_dithmenos_smoke_and_mirrors
Temple:   zaba_magenta_temple
Ossuary:  minmay_ossuary_two_tombs

Skill      XL: |  1  2  3  4  5  6  7  8  9 |
---------------+----------------------------+-----
Conjurations   | 2 3 4 |  4.1
Summonings     | 2 3 4 |  4.1
Translocations | 2 3 4 |  4.1
Invocations    | 1 2 3 4 |  4.5
Fighting       | 1 2 3 4 |  4.1
Short Blades   | 1 2 3 4 |  4.1
Long Blades    | 1 2 3 4 |  4.1
Axes           | 1 2 3 4 |  4.1
Maces & Flails | 1 2 3 4 |  4.1
Polearms       | 1 2 3 4 |  4.1
Staves         | 1 2 3 4 |  4.1
Slings         | 1 2 3 4 |  4.1
Bows           | 1 2 3 4 |  4.1
Crossbows      | 1 2 3 4 |  4.1
Throwing       | 1 2 3 4 |  4.1
Armour         | 1 2 3 4 |  4.1
Shields        | 1 2 3 4 |  4.1
Unarmed Combat | 1 2 3 4 |  4.1
Evocations     | 1 2 3 4 |  4.1
Hexes          | 1 2 3 |  3.4
Charms         | 1 2 3 |  3.4
Necromancy     | 1 2 3 |  3.4
Transmutations | 1 2 3 |  3.4
Fire Magic     | 1 2 3 |  3.4
Ice Magic      | 1 2 3 |  3.4
Air Magic      | 1 2 3 |  3.4
Earth Magic    | 1 2 3 |  3.4
Poison Magic   | 1 2 3 |  3.4
Dodging        | 5 6 |  6.2
Stealth        | 5 |  5.9
Spellcasting   | 8 |  8.3

Action                   |  1- 3 |  4- 6 |  7- 9 || total
-------------------------+-------+-------+-------++-------
Melee: Unarmed           |     4 |       |       ||     4
       Bite              |     1 |     6 |    16 ||    23
       Dagger            |     5 |       |       ||     5
       Long sword        |     2 |    68 |   135 ||   205
       Punch             |       |     1 |     2 ||     3
       Rapier            |       |       |    23 ||    23
       War axe           |       |       |    15 ||    15
 Cast: Magic Dart        |    70 |    81 |   203 ||   354
       Call Imp          |     6 |     7 |    31 ||    44
       Blink             |     1 |       |       ||     1
       Conjure Flame     |     1 |    10 |    19 ||    30
       Mephitic Cloud    |     1 |     1 |     6 ||     8
Evoke: Wand              |       |       |     7 ||     7
  Use: Potion            |       |     1 |     2 ||     3
       Scroll            |       |       |    13 ||    13
 Stab: Sleeping          |       |     1 |     6 ||     7
       Distracted        |       |     1 |     1 ||     2
       Confused          |       |       |     4 ||     4
  Eat: Chunk             |     2 |     7 |     9 ||    18
       Ration            |       |       |     3 ||     3
Armor: Robe              |     5 |    12 |    40 ||    57
Dodge: Dodged            |    25 |    80 |   151 ||   256
       Rpst.: Long sword |     1 |    20 |    29 ||    50

Table legend:
 A = Non-vault XP
 B = Vault XP
 C = Vault XP percentage of total XP
 D = Non-vault monster count
 E = Vault monster count
 F = Vault count percentage of total count
                 A         B        C        D         E       F
            +---------+---------+-------+---------+---------+-------
      Total |    2264 |    1006 |  30.8 |     132 |      49 |  27.1
            +---------+---------+-------+---------+---------+-------
        D:1 |      13 |       0 |   0.0 |       9 |       0 |   0.0
        D:2 |      51 |       0 |   0.0 |      17 |       0 |   0.0
        D:3 |     125 |       3 |   2.3 |      33 |       2 |   5.7
        D:4 |     322 |       2 |   0.6 |       9 |       2 |  18.2
        D:5 |     209 |     193 |  48.0 |       9 |       3 |  25.0
        D:6 |     669 |       0 |   0.0 |      22 |       0 |   0.0
        D:7 |     678 |     461 |  40.5 |      26 |       5 |  16.1
        D:8 |     197 |       0 |   0.0 |       7 |       0 |   0.0
    Ossuary |       0 |     347 | 100.0 |       0 |      37 | 100.0
            +---------+---------+-------+---------+---------+-------
